 Dungeon Crawl Stone Soup version 0.27-a0-650-g8dd3ea4f36 (webtiles) character file.

Game seed: 12033570478229313666

1577 Goblin1989 the Insei (level 8, -5/91 HPs)
             Began as a Demonspawn Delver on Mar 10, 2021.
             Was an Initiate of Gozag.
             Slain by an ogre
             ... wielding a +0 giant club
              (13 damage)
             ... on level 8 of the Dungeon on Mar 16, 2021.
             The game lasted 00:19:45 (10292 turns).

Goblin1989 the Insei (Demonspawn Delver)           Turns: 10292, Time: 00:19:45

Health: -5/91      AC: 24    Str: 11 (14) XL:     8   Next: 60%
Magic:  8/8        EV:  2    Int:  9 (11) God:    Gozag
Gold:   299        SH: 12    Dex: 15 (18) Spells: 7/7 levels left

rFire    + . .     SeeInvis +     - Unarmed
rCold    + . .     Faith    .   K - +0 tower shield
rNeg     + + +     Spirit   .   (armour currently unavailable)
rPois    +         Reflect  .   (helmet currently unavailable)
rElec    +         Harm     .   (cloak currently unavailable)
rCorr    +         Rampage  .   (gloves currently unavailable)
Will     .....     NoTele   +   (boots currently unavailable)
Stlth    +++.......             (no amulet)
HPRegen  0.25/turn              s - ring of see invisible
MPRegen  0.11/turn              (no ring)

@: tree-form, resistant
A: stationary, stasis, torment immunity, boosted hp, (claws 1), foul stench 1,
(sanguine armour 1), demonic magic 1, agile 1, subdued magic 1
a: Renounce Religion, Potion Petition, Call Merchant, Bribe Branch


You were on level 8 of the Dungeon.
You worshipped Gozag.
Gozag was aware of your devotion.
You were a tree.
You visited 2 branches of the dungeon, and saw 9 of its levels.

You collected 454 gold pieces.
You spent 30 gold pieces at shops.
You paid 125 gold pieces to Gozag.

Inventory:

Hand Weapons
 a - a +0 short sword
 H - the +9 flail of Qepasm {vamp, Fragile +Fly Str-4 Dex+6}
   (You found it on level 7 of the Dungeon)

   It inflicts no extra harm, but heals its wielder when it wounds a living foe.
   It affects your strength (-4).
   It affects your dexterity (+6).
   It lets you fly.
   It will be destroyed if unequipped.
Missiles
 O - 11 poisoned darts (quivered)
Armour
 E - a +2 helmet
 K - a +0 tower shield (worn)
 L - a +0 chain mail (melded)
 P - a +0 helmet (melded)
 Q - a +0 cloak
 W - a scarf of resistance (melded)
Jewellery
 l - a ring of flight
 s - a ring of see invisible (right branch)
 D - a +6 ring of dexterity
 J - a ring of magical power
 U - a ring of fire
Wands
 g - a wand of digging (3) {@v1}
Scrolls
 c - a scroll of fog
 B - 3 scrolls of blinking
 F - a scroll of fear
 M - a scroll of magic mapping
 R - 4 scrolls of identify {@r1}
 T - a scroll of teleportation {!r, @r2}
 X - a scroll of immolation {unknown}
Potions
 I - 6 potions of curing {@q1}
 S - 2 potions of haste {@q3,}
 Y - 4 potions of heal wounds {unknown}
 Z - a potion of attraction {unknown}


   Skills:
 + Level 4.6 Fighting
 - Level 2.6 Short Blades
 - Level 2.0 Throwing
 + Level 2.8 Armour
 + Level 3.5 Dodging
 - Level 5.0 Stealth
 + Level 3.6 Shields
 * Level 6.0 Unarmed Combat


You had 7 spell levels left.
You didn't know any spells.
Your spell library was empty.

Dungeon Overview and Level Annotations

Branches:
Dungeon (8/15)             Temple (1/1) D:7
   Lair: D:8-11

Altars:
Ashenzari
Cheibriados
Elyvilon
Fedhas
Gozag
Nemelex Xobeh
Okawaru
Qazlal
Vehumet
Yredelemnul
Zin
The Shining One

Shops:
D:4 ?

Annotations:
D:7 Harold
D:8 Pikel


Innate Abilities, Weirdness & Mutations

You are a tree.
Your roots penetrate the ground, keeping you stationary.
You cannot be teleported.
You are immune to unholy pain and torment.
Your maximum health is greatly increased.
Your equipment is partially melded.
((You have sharp fingernails.))
You may rarely emit foul miasma when damaged in melee.
((When seriously injured, your bleeding wounds create armour. (AC +0)))
Spells you cast may paralyse adjacent enemies.
You are agile. (Dex +2)
Your spells are a little easier to cast, but a little less powerful.


Message History

The lemure shouts!
The howler monkey howls!
You block the wyvern's attack.
You scratch the wyvern.
The wyvern is moderately wounded.
The wyvern bites you!
Your blood congeals into armour.
You take 13 damage, and have 32/61 hp.
MASSIVE DAMAGE!!
A howler monkey comes into view.
The wyvern bites you!
* * * LOW HITPOINT WARNING * * *
The howler monkey hits you but does no damage.
You take 11 damage, and have 21/61 hp.
The howler monkey hoots and howls with incredible vigour!
You hear a shout!
The howler monkey hoots and howls with incredible vigour!
The wyvern barely misses you.
You hear a shout!
You hear a howl!
You block the howler monkey's attack. The wyvern bites you!
* * * LOW HITPOINT WARNING * * *
You take 12 damage, and have 9/61 hp.
A lemure comes into view.
The lemure shouts!
The howler monkey hits you but does no damage.
You block the wyvern's attack.
A howler monkey comes into view.
The howler monkey howls!
A lemure comes into view.
You block the lemure's attack.
The wyvern bites you but does no damage.
As you read the scroll of fear, it crumbles to dust.
You assume a fearsome visage.
The lemure is unaffected.
The wyvern looks frightened!
The howler monkey looks frightened!
The lemure barely misses you.
A lemure comes into view.
The lemure shouts! x2
You see here a +0 flail.
The howler monkey hoots and howls with incredible vigour!
Okay, then.
Okay, then.
Okay, then.
What are your orders? t - Shout!
Orders for allies: a - Attack new target. r - Retreat! s - Stop attacking. g - Guard the area. f - Follow me.
Anything else - Cancel.
Okay, then.
Unknown command.
Okay, then.
What are your orders? t - Shout!
Orders for allies: a - Attack new target. r - Retreat! s - Stop attacking. g - Guard the area. f - Follow me.
Anything else - Cancel.
Okay, then.
Unknown command.
Unknown command.
Really read
T - 2 scrolls of teleportation {!r, @r2}?
As you read the scroll of teleportation {!r, @r2}, it crumbles to dust.
You feel strangely unstable. The lemure hits you.
* * * LOW HITPOINT WARNING * * *
You take 3 damage, and have 9/61 hp.
Unknown command.
Found 17 arrows.
A centaur skeleton comes into view.
Your surroundings suddenly seem different.
An ogre comes into view. It is wielding a +0 giant club.
The ogre shouts!
A bullfrog comes into view.
The bullfrog gives a loud, deep croak!
The centaur skeleton moves out of view.
There is an open door here.
It was a potion of lignification.
You turn into a tree.
Your scarf of resistance melds into your body.
Your +0 helmet melds into your body.
Your +0 chain mail melds into your body.
You feel hot and cold all over.
Your roots penetrate the ground.
Your blood armour dries and flakes away.
You block the ogre's attack.
You now have 16/91 hp.
You smack the ogre!
The ogre is heavily wounded.
The ogre hits you with a +0 giant club.
* * * LOW HITPOINT WARNING * * *
The ogre hits you with a +0 giant club.
* * * LOW HITPOINT WARNING * * *
You take 9 damage, and have 7/91 hp.
Your shield prevents you from hitting the ogre.
The ogre is heavily wounded.
The ogre barely misses you.
It was a potion of degeneration.
There was something very wrong with that liquid.
You feel weakened.
You feel dopey.
You feel clumsy. The ogre hits you but does no damage.
It was a potion of resistance.
You feel protected.
The bullfrog releases a deep croak.
The ogre hits you with a +0 giant club!
You die...
Your body crumbles into a pile of gold.

██.......██
.██.........███
.∆.........∆.
█.........█
█.......█
█.....█ ██.F.██


██O██ █♣█ $ ▲.......█ ▲.████..█ █... .... ██.... ...█. $ █..█.█ You could see an
ogre and a bullfrog.

Vanquished Creatures
  Prince Ribbit (D:5)
  A sky beast (D:6)
  An ice beast (D:6)
  2 ogres
  4 centaurs
  A phantom (D:8)
  A scorpion (D:8)
  A howler monkey (D:8)
  A bullfrog zombie (D:5)
  2 jellies
  2 orc priests
  Terence (D:3)
  3 iguanas (D:5)
  2 orc wizards
  A worker ant (D:4)
  A hound zombie (D:8)
  A hound skeleton (D:7)
  2 worker ant zombies (D:6)
  A howler monkey skeleton (D:7)
  6 adders
  A shadow imp (D:6)
  A white imp (D:8)
  2 ufetubi
  An ooze (D:1)
  2 adder skeletons (D:4)
  4 worms
  A dart slug (D:2)
  12 orcs
  A ball python (D:2)
  8 bats
  4 giant cockroaches
  5 goblins
  4 hobgoblins
  7 jackals
  2 quokkas
  A ball python skeleton (D:3)
  2 frilled lizards
  3 kobolds (D:3)
  2 quokka skeletons
  4 rats
102 creatures vanquished.

Vanquished Creatures (others)
  2 fungi (D:2)
  2 plants (D:2)
4 creatures vanquished.

Grand Total: 106 creatures vanquished

Notes
Turn   | Place    | Note
-------+----------+-------------------------------------------
     0 | D:5      | Goblin1989 the Demonspawn Delver began the quest for the
                  | Orb.
     0 | D:5      | Reached XP level 1. HP: 18/18 MP: 1/1
    74 | D:5      | Reached skill level 5 in Stealth
    74 | D:5      | Gained mutation: You have sharp fingernails. [demonic
                  | ancestry]
    74 | D:5      | Reached XP level 2. HP: 20/24 MP: 2/2
    74 | D:5      | Gained mutation: Spells you cast may paralyse adjacent
                  | enemies. [demonic ancestry]
    74 | D:5      | Reached XP level 3. HP: 24/29 MP: 3/3
   228 | D:5      | Noticed Prince Ribbit
   278 | D:5      | Reached skill level 1 in Unarmed Combat
   323 | D:4      | Upgraded the game from 0.27-a0-577-ge2a43ba0c9 to
                  | 0.27-a0-604-g29a88b33a7
   397 | D:4      | Found Vasoibusm's Magic Scroll Shop.
   404 | D:4      | Bought a scroll of teleportation for 30 gold pieces
   424 | D:4      | HP: 1/29 [poisoned by a worker ant]
   834 | D:3      | Reached XP level 4. HP: 13/35 MP: 4/4
  1037 | D:3      | Reached skill level 2 in Unarmed Combat
  2317 | D:2      | Found a broken altar of Ashenzari.
  2321 | D:2      | Saw a vision of the Swamp and the Spider Nest.
  2321 | D:2      | Noticed a wolf spider
  2321 | D:2      | Noticed a hornet
  2321 | D:2      | Noticed a redback
  2321 | D:2      | Noticed a redback
  2321 | D:2      | Noticed a redback
  2321 | D:2      | Noticed a hornet
  2321 | D:2      | Noticed a wolf spider
  2321 | D:2      | Noticed a redback
  2321 | D:2      | Noticed a vampire mosquito
  2321 | D:2      | Noticed a vampire mosquito
  2321 | D:2      | Noticed a vampire mosquito
  2321 | D:2      | Noticed a vampire mosquito
  2321 | D:2      | Noticed a swamp drake
  2322 | D:2      | Noticed a wolf spider
  2322 | D:2      | Noticed a swamp drake
  3219 | D:1      | Reached skill level 3 in Unarmed Combat
  3845 | D:1      | Reached XP level 5. HP: 40/41 MP: 5/5
  4388 | D:3      | Upgraded the game from 0.27-a0-604-g29a88b33a7 to
                  | 0.27-a0-650-g8dd3ea4f36
  4731 | D:3      | Noticed Terence
  4766 | D:3      | Killed Terence
  4965 | D:3      | Reached skill level 1 in Throwing
  5045 | D:3      | Reached skill level 1 in Shields
  5583 | D:4      | Noticed an ogre
  5626 | D:4      | Killed an ogre
  5627 | D:4      | Gained mutation: You may rarely emit foul miasma when
                  | damaged in melee. [demonic ancestry]
  5627 | D:4      | Reached XP level 6. HP: 28/47 MP: 6/6
  6376 | D:5      | Found a broken altar of Ashenzari.
  6411 | D:5      | Reached skill level 4 in Unarmed Combat
  6920 | D:5      | Reached XP level 7. HP: 5/52 MP: 7/7
  6937 | D:5      | Gained mutation: Your spells are a little easier to cast,
                  | but a little less powerful. [potion of mutation]
  6937 | D:5      | Gained mutation: You are agile. (Dex +2) [potion of
                  | mutation]
  6948 | D:5      | Reached skill level 1 in Armour
  7418 | D:5      | HP: 2/52 [Prince Ribbit (13)]
  7422 | D:5      | Killed Prince Ribbit
  8083 | D:6      | Reached skill level 5 in Unarmed Combat
  8332 | D:6      | Gained mutation: When seriously injured, your bleeding
                  | wounds create armour. (AC +0) [demonic ancestry]
  8332 | D:6      | Reached XP level 8. HP: 47/60 MP: 8/8
  9458 | D:7      | Identified the +9 flail of Qepasm {vamp, Fragile +Fly Str-4
                  | Dex+6}
  9487 | D:7      | Found a staircase to the Ecumenical Temple.
  9496 | Temple   | Entered the Ecumenical Temple
  9526 | Temple   | Became a worshipper of Gozag Ym Sagoz the Greedy
  9898 | D:7      | Noticed Harold
 10199 | D:8      | Reached skill level 6 in Unarmed Combat
 10251 | D:8      | Noticed Pikel
 10292 | D:8      | Slain by an ogre

Illustrated notes

Levels and vault maps discovered:
D:1:      lemuel_arrival_tunnels, layout_loops_corners,
          hangedman_decor_slide_cut, chequers_serial_rivers_room_b,
          minmay_misc_feat_doors
D:2:      layout_basic, grunt_ministairs_7, minmay_misc_feat_rows,
          grunt_ashenzari_visionary [grunt_ashenzari_visionary_swamp,
          grunt_ashenzari_visionary_spider]
D:3:      layout_basic, uniq_terence
D:4:      layout_basic, serial_shops, shop_fountains, st_stairs_13,
          minmay_misc_feat_encased
D:5:      layout_basic, lemuel_round_altar, uniq_prince_ribbit1
D:6:      layout_basic, minmay_splitting_lines
D:7:      cheibrodos_iron_armory, layout_gridville, minmay_temple_entry_statues,
          uniq_harold
D:8:      kennysheep_big_flooded_room, layout_loops_corners,
          grunt_temple_overflow_open, uniq_pikel
Temple:   hc_temple_tempest_star

Skill      XL: |  1  2  3  4  5  6  7  8 |
---------------+-------------------------+-----
Short Blades   | 2 |  2.6
Stealth        | 5 |  5.0
Unarmed Combat | 1 3 4 5 6 |  6.0
Throwing       | 1 2 |  2.0
Shields        | 1 2 3 |  3.6
Dodging        | 2 3 |  3.5
Armour         | 2 |  2.8
Fighting       | 4 |  4.6

Action                   |  1- 3 |  4- 6 |  7- 9 || total
-------------------------+-------+-------+-------++-------
Melee: Short sword       |    37 |   201 |       ||   238
       Punch             |     2 |       |       ||     2
       Unarmed           |       |    70 |   190 ||   260
Throw: Dart              |       |    28 |    10 ||    38
  Use: Scroll            |     5 |     1 |     2 ||     8
       Potion            |     2 |     1 |     6 ||     9
 Stab: Sleeping          |     2 |     4 |       ||     6
Armor: Leather armour    |    13 |    57 |       ||    70
       Chain mail        |       |    61 |   126 ||   187
       Skin              |       |       |     1 ||     1
Dodge: Dodged            |    14 |   113 |    28 ||   155
Block: Buckler           |       |    27 |     3 ||    30
       Tower shield      |       |       |   146 ||   146

Table legend: (Time is in decaauts)
 A = Elapsed time spent in this place.
 B = Non-inter-level travel time spent in this place.
 C = Inter-level travel time spent in this place.
 D = Time resting spent in this place.
 E = Time spent auto-exploring this place.
 F = Levels seen in this place.
 G = Mean time per level.
                   A        B        C        D        E       F      G
               +--------+--------+--------+--------+--------+-----+--------+
         Total |  10328 |   9922 |    406 |   2334 |   5800 |   9 | 1147.6 |
       Dungeon |  10285 |   9891 |    394 |   2334 |   5784 |   8 | 1285.6 |
        Temple |     42 |     30 |     12 |      0 |     16 |   1 |   42.0 |
               +--------+--------+--------+--------+--------+-----+--------+

Top non-repeatable levels by time:
     D:5: 1859 daAuts
     D:2: 1786 daAuts
     D:3: 1770 daAuts
     D:6: 1418 daAuts
     D:1: 1254 daAuts
     D:4: 1240 daAuts
     D:7: 566 daAuts
     D:8: 388 daAuts
  Temple: 42 daAuts
